[ PARTIDA AOE2 · #483823738 ]
Team RMPersas vs Burgundians
[ ANÁLISIS DE REPETICIÓN · EXTRAÍDO DE LA PARTIDA GRABADA ]
Feudal
11:13
Castillos
14:29
Imperial
30:27
| APM promedio | 25.9 |
| APM pico | 76 |
| eAPM promedio | 15.8 |
| Aldeanos / militares | 205 / 154 |
Foco
⚔️ 21.0% · 🌾 79.0%
War Elephant ×154
Feudal
8:28
Castillos
21:13
Imperial
35:42
| APM promedio | 33.1 |
| APM pico | 94 |
| eAPM promedio | 16.1 |
| Aldeanos / militares | 138 / 128 |
Foco
⚔️ 25.2% · 🌾 74.8%
Camel Scout ×62 · Knight ×40 · Scout Cavalry ×20 · Mangudai ×6
Feudal
12:05
Castillos
32:18
Imperial
—
| APM promedio | 36.7 |
| APM pico | 131 |
| eAPM promedio | 5.0 |
| Aldeanos / militares | 41 / 25 |
Foco
⚔️ 27.1% · 🌾 72.9%
Spearman ×13 · Militia ×12
Feudal
12:02
Castillos
—
Imperial
—
| APM promedio | 5.6 |
| APM pico | 31 |
| eAPM promedio | 2.4 |
| Aldeanos / militares | 30 / 0 |
Foco
⚔️ 11.1% · 🌾 88.9%
Feudal
11:21
Castillos
23:13
Imperial
45:47
| APM promedio | 14.3 |
| APM pico | 35 |
| eAPM promedio | 9.0 |
| Aldeanos / militares | 68 / 52 |
Foco
⚔️ 33.4% · 🌾 66.6%
Spearman ×23 · Militia ×10 · Skirmisher ×6 · Knight ×6 · Battering Ram ×6 · War Elephant ×1
Feudal
11:20
Castillos
34:11
Imperial
—
| APM promedio | 20.4 |
| APM pico | 93 |
| eAPM promedio | 8.0 |
| Aldeanos / militares | 81 / 47 |
Foco
⚔️ 19.6% · 🌾 80.4%
Spearman ×29 · Scout Cavalry ×9 · Cavalry Archer ×9
Feudal
12:39
Castillos
17:45
Imperial
41:22
| APM promedio | 33.1 |
| APM pico | 110 |
| eAPM promedio | 10.0 |
| Aldeanos / militares | 71 / 67 |
Foco
⚔️ 34.2% · 🌾 65.8%
Knight ×52 · Skirmisher ×15
Feudal
11:52
Castillos
17:01
Imperial
—
| APM promedio | 21.1 |
| APM pico | 55 |
| eAPM promedio | 8.0 |
| Aldeanos / militares | 38 / 94 |
Foco
⚔️ 25.5% · 🌾 74.5%
Hussite Wagon ×80 · Battering Ram ×14
Mapa de la partida
Recursos iniciales + cada clic de construcción. Líneas = muros · curvas = relieve. ◆ oro · ⬟ piedra · ● bayas · ✦ reliquia · ◌ hueco del cierre
Tu base· Abierta — flanco sin cerrar
Base de Timbrhǫggvandi· Abierta — flanco sin cerrar
Base de Kuribo· Abierta — flanco sin cerrar
Base de Matdevil01· Abierta — flanco sin cerrar
Base de Bahus· Abierta — flanco sin cerrar
Base de 张牧之· Abierta — flanco sin cerrar
Base de manhcuong060799· Abierta — flanco sin cerrar
Base de 啥也不干· Abierta — flanco sin cerrar
Terreno inicial suavizado · ◌ = hueco del cierre detectado · pasá el cursor para detalles
Inputs por minuto
— 苹果核桃醋 - - Timbrhǫggvandi
Build order — 苹果核桃醋
Primeras 150 de 441 acciones detectadas
| 0:00 | Crear | Villager (Male) ×5 |
| 0:01 | Crear | Villager (Male) ×5 |
| 0:02 | Construir | House |
| 0:03 | Construir | House |
| 1:31 | Crear | Villager (Male) |
| 2:04 | Construir | Lumber Camp |
| 2:09 | Crear | Villager (Male) ×2 |
| 2:10 | Crear | Villager (Male) ×2 |
| 2:44 | Crear | Villager (Male) |
| 2:45 | Crear | Villager (Male) |
| 2:57 | Crear | Villager (Male) |
| 2:57 | Crear | Villager (Male) |
| 3:07 | Construir | House |
| 3:59 | Crear | Villager (Male) |
| 3:59 | Crear | Villager (Male) |
| 4:00 | Crear | Villager (Male) |
| 4:41 | Crear | Villager (Male) |
| 4:41 | Crear | Villager (Male) |
| 4:42 | Crear | Villager (Male) |
| 4:50 | Construir | Mill |
| 5:08 | Crear | Villager (Male) |
| 5:09 | Crear | Villager (Male) |
| 5:53 | Crear | Villager (Male) |
| 5:53 | Crear | Villager (Male) |
| 5:53 | Crear | Villager (Male) |
| 5:59 | Construir | House |
| 6:03 | Construir | House |
| 6:38 | Construir | Mill |
| 6:38 | Crear | Villager (Male) |
| 7:07 | Crear | Villager (Male) |
| 7:07 | Crear | Villager (Male) |
| 7:34 | Crear | Villager (Male) |
| 7:35 | Crear | Villager (Male) |
| 7:35 | Crear | Villager (Male) |
| 7:35 | Crear | Villager (Male) |
| 7:35 | Crear | Villager (Male) |
| 7:36 | Crear | Villager (Male) |
| 7:37 | Crear | Villager (Male) |
| 7:52 | Construir | Mining Camp |
| 7:59 | Crear | Villager (Male) |
| 7:59 | Crear | Villager (Male) |
| 8:00 | Crear | Villager (Male) |
| 8:39 | Investigar | Loom |
| 8:49 | Investigar | Feudal Age |
| 8:49 | Investigar | Feudal Age |
| 9:03 | Construir | House |
| 9:10 | Construir | House |
| 9:42 | Crear | Villager (Male) |
| 9:43 | Crear | Villager (Male) |
| 11:13 | Edad | Edad Feudal |
| 11:15 | Construir | Market |
| 11:18 | Construir | Blacksmith |
| 12:03 | Investigar | Castle Age |
| 12:04 | Investigar | Castle Age |
| 12:15 | Investigar | Horse Collar |
| 12:15 | Investigar | Horse Collar |
| 12:22 | Construir | Farm |
| 12:22 | Construir | Farm |
| 12:26 | Construir | Farm |
| 12:59 | Construir | Mining Camp |
| 13:25 | Construir | Palisade Gate |
| 13:28 | Construir | House |
| 13:36 | Crear | Villager (Male) |
| 13:36 | Crear | Villager (Male) |
| 14:29 | Edad | Edad de los Castillos |
| 14:54 | Construir | Town Center |
| 15:01 | Crear | Villager (Male) |
| 15:01 | Crear | Villager (Male) |
| 15:13 | Construir | Farm |
| 15:19 | Construir | Farm |
| 15:22 | Construir | Farm |
| 15:32 | Crear | Villager (Male) |
| 15:32 | Crear | Villager (Male) |
| 15:41 | Construir | Farm |
| 15:41 | Construir | Farm |
| 15:41 | Construir | Farm |
| 15:42 | Construir | Farm |
| 15:42 | Construir | Farm |
| 15:42 | Construir | Farm |
| 16:02 | Crear | Villager (Male) |
| 16:03 | Crear | Villager (Male) |
| 16:07 | Construir | Farm |
| 16:07 | Construir | Farm |
| 16:28 | Construir | Farm |
| 16:37 | Crear | Villager (Male) |
| 16:37 | Crear | Villager (Male) |
| 16:45 | Construir | Farm |
| 16:48 | Construir | Farm |
| 16:55 | Crear | Villager (Male) |
| 16:55 | Crear | Villager (Male) |
| 17:01 | Construir | Farm |
| 17:05 | Construir | Farm |
| 17:10 | Crear | Villager (Male) |
| 17:10 | Crear | Villager (Male) |
| 17:17 | Construir | Farm |
| 17:21 | Construir | Farm |
| 17:24 | Crear | Villager (Male) |
| 17:33 | Construir | Farm |
| 17:35 | Construir | Farm |
| 17:37 | Crear | Villager (Male) |
| 17:47 | Crear | Villager (Male) |
| 17:48 | Crear | Villager (Male) |
| 17:53 | Crear | Villager (Male) |
| 17:53 | Crear | Villager (Male) |
| 18:00 | Crear | Villager (Male) |
| 18:01 | Crear | Villager (Male) |
| 18:05 | Construir | Farm |
| 18:11 | Construir | Farm |
| 18:11 | Construir | Farm |
| 18:12 | Construir | Farm |
| 18:12 | Construir | Farm |
| 18:12 | Construir | Farm |
| 18:12 | Construir | Farm |
| 18:16 | Crear | Villager (Male) |
| 18:16 | Crear | Villager (Male) |
| 18:21 | Crear | Villager (Male) |
| 18:21 | Crear | Villager (Male) |
| 18:29 | Construir | Farm |
| 18:29 | Construir | Farm |
| 18:29 | Construir | Farm |
| 18:29 | Construir | Farm |
| 18:30 | Construir | Farm |
| 18:33 | Crear | Villager (Male) ×2 |
| 18:58 | Crear | Villager (Male) ×3 |
| 18:59 | Crear | Villager (Male) ×3 |
| 19:06 | Construir | Farm |
| 19:10 | Construir | Farm |
| 19:20 | Crear | Villager (Male) ×2 |
| 19:20 | Crear | Villager (Male) ×2 |
| 19:39 | Construir | House |
| 19:40 | Construir | House |
| 19:40 | Construir | House |
| 19:40 | Construir | House |
| 19:41 | Construir | House |
| 19:41 | Construir | House |
| 19:41 | Construir | House |
| 19:41 | Construir | House |
| 19:45 | Crear | Villager (Male) ×3 |
| 19:47 | Crear | Villager (Male) |
| 20:00 | Construir | Farm |
| 20:05 | Investigar | Wheelbarrow |
| 20:08 | Investigar | Double-Bit Axe |
| 20:08 | Investigar | Double-Bit Axe |
| 20:13 | Investigar | Heavy Plow |
| 20:20 | Construir | Farm |
| 20:22 | Crear | Villager (Male) |
| 20:28 | Crear | Villager (Male) |
| 20:43 | Crear | Villager (Male) ×3 |
| 20:43 | Crear | Villager (Male) ×3 |
| 20:46 | Construir | Farm |
Build order — Timbrhǫggvandi
Primeras 150 de 368 acciones detectadas
| 0:00 | Crear | Villager (Male) |
| 0:01 | Crear | Villager (Male) |
| 0:01 | Crear | Villager (Male) |
| 0:01 | Crear | Villager (Male) |
| 0:02 | Construir | House |
| 0:03 | Construir | House |
| 1:23 | Crear | Villager (Male) |
| 1:44 | Crear | Villager (Male) |
| 1:51 | Construir | Lumber Camp |
| 2:12 | Crear | Villager (Male) |
| 2:53 | Crear | Villager (Male) |
| 3:04 | Construir | House |
| 3:09 | Crear | Villager (Male) |
| 3:09 | Crear | Villager (Male) |
| 3:55 | Crear | Villager (Male) |
| 3:56 | Crear | Villager (Male) |
| 3:56 | Crear | Villager (Male) |
| 4:44 | Construir | Mill |
| 4:52 | Crear | Villager (Male) |
| 4:53 | Investigar | Loom |
| 6:18 | Investigar | Feudal Age |
| 7:23 | Construir | Barracks |
| 7:30 | Crear | Villager (Male) |
| 7:30 | Crear | Villager (Male) |
| 7:37 | Construir | House |
| 8:28 | Edad | Edad Feudal |
| 8:30 | Construir | Stable |
| 8:41 | Investigar | Double-Bit Axe |
| 8:42 | Crear | Villager (Male) |
| 8:52 | Construir | House |
| 9:12 | Investigar | Wheelbarrow |
| 9:25 | Crear | Scout Cavalry |
| 9:30 | Construir | Farm |
| 9:42 | Construir | Farm |
| 9:57 | Construir | Farm |
| 10:09 | Construir | Farm |
| 10:13 | Construir | Farm |
| 10:18 | Crear | Scout Cavalry |
| 10:35 | Crear | Villager (Male) |
| 10:40 | Crear | Villager (Male) |
| 10:45 | Construir | Farm |
| 11:02 | Construir | Farm |
| 11:09 | Construir | House |
| 11:12 | Construir | Palisade Wall |
| 11:18 | Crear | Villager (Male) |
| 11:32 | Construir | Farm |
| 11:35 | Crear | Scout Cavalry |
| 11:37 | Crear | Villager (Male) |
| 12:05 | Crear | Scout Cavalry |
| 12:07 | Crear | Villager (Male) |
| 12:29 | Crear | Villager (Male) |
| 12:30 | Crear | Villager (Male) |
| 12:52 | Construir | Farm |
| 12:53 | Construir | Farm |
| 13:15 | Crear | Villager (Male) |
| 13:17 | Crear | Scout Cavalry |
| 13:19 | Crear | Villager (Male) |
| 13:20 | Construir | Farm |
| 13:27 | Construir | Farm |
| 13:29 | Construir | Farm |
| 13:30 | Construir | Farm |
| 13:39 | Construir | Farm |
| 13:41 | Construir | House |
| 14:03 | Construir | Farm |
| 14:13 | Crear | Scout Cavalry |
| 14:13 | Crear | Villager (Male) |
| 14:17 | Crear | Scout Cavalry |
| 14:32 | Construir | Farm |
| 14:52 | Crear | Scout Cavalry |
| 14:52 | Crear | Villager (Male) |
| 14:53 | Crear | Villager (Male) |
| 14:53 | Crear | Villager (Male) |
| 14:57 | Construir | House |
| 14:58 | Construir | House |
| 14:59 | Construir | House |
| 15:01 | Investigar | Horse Collar |
| 15:52 | Construir | Blacksmith |
| 16:01 | Construir | Mining Camp |
| 16:02 | Crear | Villager (Male) |
| 16:03 | Crear | Villager (Male) |
| 16:53 | Crear | Villager (Male) |
| 16:53 | Crear | Villager (Male) |
| 17:22 | Construir | Farm |
| 17:29 | Investigar | Forging |
| 17:30 | Crear | Villager (Male) |
| 18:33 | Investigar | Castle Age |
| 18:34 | Crear | Villager (Male) |
| 18:57 | Crear | Villager (Male) |
| 19:06 | Construir | Market |
| 19:13 | Crear | Scout Cavalry |
| 19:14 | Crear | Scout Cavalry |
| 19:14 | Crear | Scout Cavalry |
| 19:15 | Crear | Villager (Male) |
| 19:24 | Construir | Stable |
| 19:25 | Crear | Villager (Male) |
| 19:38 | Construir | House |
| 19:40 | Construir | House |
| 19:41 | Construir | House |
| 19:48 | Investigar | Scale Barding Armor |
| 20:15 | Investigar | Bloodlines |
| 20:19 | Crear | Scout Cavalry |
| 20:20 | Crear | Villager (Male) |
| 20:24 | Construir | Palisade Wall |
| 20:42 | Construir | Palisade Wall |
| 20:45 | Construir | Barracks |
| 20:56 | Crear | Villager (Male) |
| 20:59 | Crear | Scout Cavalry |
| 20:59 | Crear | Scout Cavalry |
| 21:13 | Edad | Edad de los Castillos |
| 21:26 | Investigar | Light Cavalry (upgrade) |
| 21:27 | Crear | Villager (Male) |
| 21:39 | Crear | Knight |
| 21:43 | Construir | Farm |
| 21:48 | Construir | Town Center |
| 22:02 | Construir | Farm |
| 22:04 | Construir | Farm |
| 22:18 | Construir | Farm |
| 22:21 | Crear | Villager (Male) |
| 22:29 | Investigar | Iron Casting |
| 22:30 | Crear | Villager (Male) |
| 22:34 | Construir | House |
| 22:39 | Crear | Villager (Male) |
| 22:51 | Crear | Villager (Male) |
| 22:57 | Crear | Villager (Male) |
| 23:02 | Construir | Farm |
| 23:08 | Crear | Villager (Male) |
| 23:08 | Crear | Villager (Male) |
| 23:27 | Crear | Knight ×2 |
| 23:37 | Crear | Scout Cavalry |
| 23:50 | Crear | Villager (Male) |
| 23:51 | Crear | Villager (Male) |
| 23:51 | Crear | Villager (Male) |
| 23:53 | Construir | House |
| 23:54 | Construir | House |
| 23:54 | Construir | House |
| 24:13 | Crear | Villager (Male) |
| 24:13 | Crear | Villager (Male) |
| 24:13 | Crear | Villager (Male) |
| 24:23 | Construir | Farm |
| 24:35 | Crear | Knight ×2 |
| 24:37 | Crear | Villager (Male) |
| 24:45 | Crear | Villager (Male) |
| 25:27 | Crear | Knight |
| 25:28 | Crear | Villager (Male) |
| 25:28 | Crear | Villager (Male) |
| 25:29 | Crear | Villager (Male) |
| 25:29 | Crear | Villager (Male) |
| 25:38 | Crear | Villager (Male) |
| 25:45 | Investigar | Gold Mining |
| 25:47 | Crear | Scout Cavalry ×3 |
Build order — Kuribo
113 acciones detectadas en el replay
| 0:03 | Crear | Villager (Male) |
| 0:03 | Crear | Villager (Male) |
| 0:04 | Crear | Villager (Male) |
| 0:04 | Crear | Villager (Male) |
| 0:04 | Crear | Villager (Male) |
| 0:08 | Construir | House |
| 0:13 | Construir | House |
| 1:45 | Crear | Villager (Male) |
| 1:46 | Crear | Villager (Male) |
| 1:46 | Crear | Villager (Male) |
| 2:36 | Crear | Villager (Male) |
| 2:36 | Crear | Villager (Male) |
| 2:36 | Crear | Villager (Male) |
| 3:12 | Construir | Lumber Camp |
| 3:33 | Crear | Villager (Male) |
| 3:33 | Crear | Villager (Male) |
| 3:33 | Crear | Villager (Male) |
| 3:34 | Crear | Villager (Male) |
| 3:53 | Crear | Villager (Male) |
| 4:42 | Construir | House |
| 4:53 | Crear | Villager (Male) |
| 4:53 | Crear | Villager (Male) |
| 5:42 | Investigar | Loom |
| 5:43 | Crear | Villager (Male) |
| 5:43 | Crear | Villager (Male) |
| 6:19 | Construir | Mill |
| 7:10 | Crear | Villager (Male) |
| 7:10 | Crear | Villager (Male) |
| 7:10 | Crear | Villager (Male) |
| 7:20 | Construir | House |
| 8:42 | Crear | Villager (Male) |
| 8:43 | Crear | Villager (Male) |
| 9:47 | Construir | Barracks |
| 9:55 | Investigar | Feudal Age |
| 10:24 | Construir | House |
| 10:32 | Construir | Mining Camp |
| 11:07 | Construir | Farm |
| 11:25 | Crear | Militia |
| 11:25 | Crear | Militia |
| 11:38 | Construir | Farm |
| 12:05 | Edad | Edad Feudal |
| 12:06 | Crear | Villager (Male) |
| 12:06 | Crear | Villager (Male) |
| 12:11 | Crear | Militia |
| 12:14 | Crear | Militia |
| 12:40 | Construir | Farm |
| 12:50 | Crear | Villager (Male) |
| 12:54 | Investigar | Man-at-Arms (upgrade) |
| 13:10 | Construir | Blacksmith |
| 13:18 | Construir | House |
| 13:21 | Crear | Villager (Male) |
| 13:26 | Construir | Farm |
| 13:50 | Crear | Militia |
| 13:50 | Crear | Militia |
| 14:10 | Crear | Militia |
| 14:13 | Crear | Villager (Male) |
| 14:14 | Crear | Villager (Male) |
| 14:28 | Construir | Mining Camp |
| 14:45 | Construir | House |
| 14:50 | Construir | Farm |
| 15:22 | Investigar | Scale Mail Armor |
| 15:38 | Construir | Farm |
| 17:05 | Crear | Spearman |
| 17:05 | Crear | Spearman |
| 18:17 | Crear | Spearman |
| 18:51 | Construir | Farm |
| 18:59 | Construir | Farm |
| 19:11 | Construir | Farm |
| 19:15 | Construir | Farm |
| 19:19 | Construir | Farm |
| 19:23 | Construir | Farm |
| 19:25 | Crear | Villager (Male) |
| 19:25 | Crear | Villager (Male) |
| 19:25 | Crear | Villager (Male) |
| 19:29 | Crear | Spearman |
| 19:30 | Crear | Spearman |
| 20:07 | Construir | Barracks |
| 20:16 | Crear | Villager (Male) |
| 20:16 | Crear | Villager (Male) |
| 20:23 | Construir | Farm |
| 20:25 | Crear | Villager (Male) |
| 20:28 | Investigar | Double-Bit Axe |
| 20:34 | Investigar | Horse Collar |
| 20:55 | Crear | Militia |
| 20:55 | Crear | Militia |
| 20:56 | Crear | Militia |
| 21:10 | Construir | House |
| 21:39 | Construir | Farm |
| 21:50 | Investigar | Forging |
| 21:56 | Crear | Militia |
| 21:56 | Crear | Militia |
| 22:02 | Construir | Farm |
| 22:27 | Construir | Farm |
| 25:10 | Crear | Villager (Male) |
| 25:10 | Crear | Villager (Male) |
| 25:14 | Crear | Spearman |
| 25:14 | Crear | Spearman |
| 25:14 | Crear | Spearman |
| 25:44 | Construir | House |
| 27:54 | Construir | Market |
| 27:57 | Crear | Spearman |
| 27:57 | Crear | Spearman |
| 27:57 | Crear | Spearman |
| 29:03 | Crear | Villager (Male) |
| 29:03 | Crear | Villager (Male) |
| 29:17 | Crear | Spearman |
| 29:18 | Crear | Spearman |
| 29:38 | Investigar | Castle Age |
| 32:18 | Edad | Edad de los Castillos |
| 38:03 | Construir | Lumber Camp |
| 38:48 | Investigar | Pikeman (upgrade) |
| 38:53 | Investigar | Squires |
| 41:54 | Construir | Town Center |
Build order — Matdevil01
55 acciones detectadas en el replay
| 0:13 | Construir | House |
| 0:16 | Construir | House |
| 1:06 | Crear | Villager (Male) |
| 1:06 | Crear | Villager (Male) |
| 1:06 | Crear | Villager (Male) |
| 1:06 | Crear | Villager (Male) |
| 2:54 | Crear | Villager (Male) |
| 3:40 | Crear | Villager (Male) |
| 3:40 | Crear | Villager (Male) |
| 3:41 | Crear | Villager (Male) |
| 4:15 | Crear | Villager (Male) |
| 4:15 | Crear | Villager (Male) |
| 4:15 | Crear | Villager (Male) |
| 4:49 | Construir | Lumber Camp |
| 5:47 | Crear | Villager (Male) |
| 5:47 | Crear | Villager (Male) |
| 5:47 | Crear | Villager (Male) |
| 6:03 | Construir | House |
| 6:36 | Crear | Villager (Male) |
| 6:36 | Crear | Villager (Male) |
| 6:37 | Crear | Villager (Male) |
| 6:37 | Crear | Villager (Male) |
| 8:54 | Construir | Mill |
| 9:26 | Construir | House |
| 9:52 | Investigar | Feudal Age |
| 10:18 | Investigar | Double-Bit Axe |
| 10:21 | Investigar | Horse Collar |
| 11:09 | Crear | Villager (Male) |
| 11:09 | Crear | Villager (Male) |
| 11:10 | Crear | Villager (Male) |
| 11:10 | Crear | Villager (Male) |
| 11:10 | Crear | Villager (Male) |
| 11:40 | Construir | House |
| 12:02 | Edad | Edad Feudal |
| 12:04 | Crear | Villager (Male) |
| 12:10 | Investigar | Heavy Plow |
| 12:39 | Construir | House |
| 12:49 | Investigar | Wheelbarrow |
| 13:01 | Investigar | Bow Saw |
| 14:02 | Construir | Blacksmith |
| 14:19 | Construir | Farm |
| 14:22 | Construir | Farm |
| 14:27 | Construir | Farm |
| 15:08 | Construir | Farm |
| 15:09 | Construir | Farm |
| 15:10 | Construir | Farm |
| 15:13 | Construir | Farm |
| 15:19 | Construir | Farm |
| 16:05 | Construir | Watch Tower |
| 18:14 | Crear | Villager (Male) |
| 18:14 | Crear | Villager (Male) |
| 18:14 | Crear | Villager (Male) |
| 18:15 | Crear | Villager (Male) |
| 18:15 | Crear | Villager (Male) |
| 18:15 | Crear | Villager (Male) |
Build order — Bahus
Primeras 150 de 236 acciones detectadas
| 0:06 | Construir | House |
| 0:06 | Construir | House |
| 0:07 | Construir | House |
| 0:08 | Construir | House |
| 0:14 | Crear | Villager (Male) |
| 0:14 | Crear | Villager (Male) |
| 0:14 | Crear | Villager (Male) |
| 0:15 | Crear | Villager (Male) |
| 0:15 | Crear | Villager (Male) |
| 1:36 | Crear | Villager (Male) |
| 2:21 | Crear | Villager (Male) |
| 3:02 | Crear | Villager (Male) |
| 3:11 | Crear | Villager (Male) |
| 3:12 | Crear | Villager (Male) |
| 3:31 | Crear | Villager (Male) |
| 4:16 | Crear | Villager (Male) |
| 4:20 | Crear | Villager (Male) |
| 4:21 | Crear | Villager (Male) |
| 4:38 | Construir | Mill |
| 4:54 | Crear | Villager (Male) |
| 4:55 | Crear | Villager (Male) |
| 5:20 | Crear | Villager (Male) |
| 5:20 | Crear | Villager (Male) |
| 5:52 | Construir | Lumber Camp |
| 6:28 | Investigar | Loom |
| 6:29 | Crear | Villager (Male) |
| 7:25 | Crear | Villager (Male) |
| 7:25 | Crear | Villager (Male) |
| 8:24 | Construir | House |
| 8:30 | Crear | Villager (Male) |
| 8:59 | Construir | Barracks |
| 9:17 | Investigar | Feudal Age |
| 9:19 | Crear | Villager (Male) |
| 9:19 | Crear | Villager (Male) |
| 9:57 | Construir | House |
| 10:03 | Construir | House |
| 10:06 | Construir | House |
| 10:21 | Construir | Mining Camp |
| 11:05 | Construir | Mining Camp |
| 11:12 | Crear | Villager (Male) |
| 11:21 | Edad | Edad Feudal |
| 11:35 | Crear | Villager (Male) |
| 11:40 | Investigar | Horse Collar |
| 12:29 | Construir | Stone Wall |
| 13:36 | Investigar | Double-Bit Axe |
| 13:58 | Construir | Stone Wall |
| 14:04 | Crear | Villager (Male) |
| 14:04 | Crear | Villager (Male) |
| 14:17 | Construir | Farm |
| 14:20 | Construir | Farm |
| 14:22 | Construir | Farm |
| 14:23 | Construir | Farm |
| 14:25 | Construir | Farm |
| 14:34 | Crear | Villager (Male) |
| 15:09 | Construir | Gate |
| 15:23 | Construir | Stone Wall |
| 15:37 | Crear | Villager (Male) |
| 15:38 | Crear | Villager (Male) |
| 15:38 | Crear | Villager (Male) |
| 15:46 | Construir | Farm |
| 15:47 | Construir | Farm |
| 15:49 | Construir | Farm |
| 15:52 | Construir | Farm |
| 15:54 | Construir | Farm |
| 15:55 | Construir | Farm |
| 15:56 | Construir | Farm |
| 15:58 | Construir | Farm |
| 16:02 | Construir | Farm |
| 16:04 | Construir | Farm |
| 16:13 | Crear | Spearman |
| 16:13 | Crear | Spearman |
| 16:24 | Construir | House |
| 16:25 | Construir | House |
| 16:26 | Construir | House |
| 16:27 | Construir | House |
| 16:28 | Construir | House |
| 16:30 | Construir | House |
| 16:33 | Crear | Villager (Male) |
| 16:34 | Crear | Villager (Male) |
| 16:34 | Crear | Villager (Male) |
| 16:34 | Crear | Villager (Male) |
| 16:34 | Crear | Villager (Male) |
| 16:57 | Construir | Outpost |
| 17:05 | Investigar | Town Watch |
| 17:10 | Crear | Villager (Male) |
| 17:10 | Crear | Villager (Male) |
| 17:10 | Crear | Villager (Male) |
| 17:13 | Crear | Spearman |
| 17:13 | Crear | Spearman |
| 17:43 | Construir | Stone Wall |
| 17:52 | Construir | Gate |
| 17:57 | Construir | Stone Wall |
| 18:09 | Crear | Villager (Male) |
| 18:10 | Crear | Villager (Male) |
| 18:10 | Crear | Villager (Male) |
| 18:27 | Crear | Spearman |
| 18:30 | Crear | Spearman |
| 19:02 | Construir | Farm |
| 19:03 | Construir | Farm |
| 19:05 | Construir | Farm |
| 19:06 | Construir | Farm |
| 19:09 | Construir | Farm |
| 19:25 | Construir | Archery Range |
| 19:30 | Construir | Stable |
| 19:34 | Crear | Villager (Male) |
| 19:35 | Crear | Villager (Male) |
| 20:04 | Construir | Blacksmith |
| 20:47 | Investigar | Castle Age |
| 20:58 | Crear | Spearman |
| 20:58 | Crear | Spearman |
| 21:07 | Crear | Skirmisher |
| 21:07 | Crear | Skirmisher |
| 21:07 | Crear | Skirmisher |
| 21:21 | Construir | Market |
| 21:37 | Crear | Skirmisher |
| 21:39 | Crear | Spearman |
| 21:49 | Crear | Skirmisher |
| 21:50 | Crear | Skirmisher |
| 22:28 | Construir | Stable |
| 22:29 | Construir | Stable |
| 22:33 | Investigar | Forging |
| 23:13 | Edad | Edad de los Castillos |
| 23:34 | Crear | Villager (Male) |
| 23:34 | Crear | Villager (Male) |
| 23:42 | Investigar | Fletching |
| 23:49 | Crear | Knight |
| 23:49 | Crear | Knight |
| 24:00 | Crear | Knight |
| 24:00 | Crear | Knight |
| 24:04 | Investigar | Pikeman (upgrade) |
| 24:37 | Construir | Archery Range |
| 25:02 | Construir | Castle |
| 25:15 | Crear | Villager (Male) |
| 25:15 | Crear | Villager (Male) |
| 25:21 | Investigar | Bodkin Arrow |
| 26:24 | Construir | University |
| 26:32 | Construir | Siege Workshop |
| 26:52 | Crear | Spearman |
| 26:56 | Investigar | Man-at-Arms (upgrade) |
| 27:48 | Crear | Battering Ram |
| 27:54 | Construir | Barracks |
| 27:56 | Investigar | Long Swordsman (upgrade) |
| 29:00 | Crear | Villager (Male) |
| 29:01 | Crear | Villager (Male) |
| 29:01 | Crear | Villager (Male) |
| 29:01 | Crear | Villager (Male) |
| 29:04 | Construir | Farm |
| 29:21 | Crear | Battering Ram |
| 29:25 | Crear | Spearman |
| 29:25 | Crear | Spearman |
Build order — 张牧之
133 acciones detectadas en el replay
| 0:02 | Crear | Villager (Male) ×4 |
| 0:03 | Crear | Villager (Male) ×4 |
| 1:51 | Construir | Lumber Camp |
| 2:14 | Crear | Villager (Male) |
| 2:14 | Crear | Villager (Male) |
| 2:15 | Crear | Villager (Male) |
| 2:15 | Crear | Villager (Male) |
| 3:05 | Crear | Villager (Male) |
| 3:05 | Crear | Villager (Male) |
| 3:06 | Crear | Villager (Male) |
| 3:51 | Crear | Villager (Male) |
| 3:51 | Crear | Villager (Male) |
| 4:46 | Crear | Villager (Male) |
| 4:46 | Crear | Villager (Male) |
| 5:11 | Crear | Villager (Male) |
| 5:11 | Crear | Villager (Male) |
| 5:46 | Crear | Villager (Male) |
| 5:46 | Crear | Villager (Male) |
| 7:37 | Crear | Villager (Male) |
| 7:37 | Crear | Villager (Male) |
| 7:40 | Crear | Villager (Male) |
| 8:10 | Construir | Mill |
| 9:06 | Construir | Farm |
| 9:10 | Investigar | Feudal Age |
| 9:11 | Crear | Villager (Male) |
| 9:11 | Crear | Villager (Male) |
| 10:11 | Construir | Mining Camp |
| 10:31 | Construir | Barracks |
| 11:20 | Edad | Edad Feudal |
| 11:47 | Construir | Stable |
| 12:56 | Investigar | Loom |
| 13:19 | Construir | Farm |
| 13:20 | Construir | Farm |
| 13:22 | Construir | Farm |
| 14:11 | Crear | Scout Cavalry ×5 |
| 14:12 | Crear | Scout Cavalry ×4 |
| 14:57 | Crear | Spearman |
| 15:09 | Construir | Farm |
| 16:01 | Crear | Spearman |
| 16:13 | Crear | Villager (Male) ×2 |
| 16:32 | Crear | Villager (Male) |
| 17:11 | Crear | Spearman ×3 |
| 18:07 | Investigar | Bloodlines |
| 18:59 | Crear | Spearman |
| 18:59 | Crear | Spearman |
| 21:21 | Crear | Villager (Male) ×5 |
| 21:54 | Construir | Archery Range |
| 22:00 | Crear | Spearman |
| 22:00 | Crear | Spearman |
| 22:22 | Construir | Farm |
| 22:45 | Construir | Farm |
| 22:54 | Construir | Mining Camp |
| 23:06 | Construir | Lumber Camp |
| 23:15 | Construir | Farm |
| 23:20 | Construir | Farm |
| 24:23 | Crear | Spearman ×5 |
| 24:24 | Crear | Spearman ×5 |
| 24:24 | Crear | Spearman ×5 |
| 25:52 | Construir | Farm |
| 25:54 | Construir | Farm |
| 25:56 | Construir | Farm |
| 25:59 | Construir | Farm |
| 27:06 | Crear | Villager (Male) ×5 |
| 27:19 | Investigar | Horse Collar |
| 28:12 | Construir | Farm |
| 28:19 | Construir | Farm |
| 29:02 | Construir | Farm |
| 29:05 | Construir | Farm |
| 29:10 | Crear | Villager (Male) |
| 29:11 | Crear | Villager (Male) |
| 29:21 | Construir | Farm |
| 29:45 | Crear | Villager (Male) |
| 29:45 | Crear | Villager (Male) |
| 30:19 | Crear | Spearman ×5 |
| 31:02 | Construir | Farm |
| 31:18 | Construir | Farm |
| 31:31 | Investigar | Castle Age |
| 32:30 | Crear | Villager (Male) ×5 |
| 34:11 | Edad | Edad de los Castillos |
| 35:55 | Construir | Town Center |
| 36:56 | Investigar | Husbandry |
| 37:27 | Crear | Villager (Male) ×5 |
| 38:57 | Crear | Villager (Male) ×5 |
| 39:14 | Crear | Villager (Male) ×3 |
| 40:17 | Crear | Villager (Male) ×5 |
| 41:28 | Construir | Blacksmith |
| 41:43 | Construir | Farm |
| 41:47 | Construir | Farm |
| 42:17 | Crear | Cavalry Archer ×5 |
| 42:18 | Crear | Cavalry Archer ×4 |
| 42:28 | Investigar | Thumb Ring |
| 42:37 | Investigar | Forging |
| 42:38 | Investigar | Fletching |
| 42:38 | Investigar | Padded Archer Armor |
| 42:40 | Investigar | Scale Barding Armor |
| 42:45 | Crear | Villager (Male) |
| 43:15 | Construir | Farm |
| 43:30 | Crear | Villager (Male) ×5 |
| 43:50 | Crear | Villager (Male) ×2 |
| 43:58 | Construir | Farm |
| 43:59 | Construir | Farm |
| 44:01 | Construir | Farm |
| 44:02 | Construir | Farm |
| 44:04 | Construir | Farm |
| 44:19 | Investigar | Double-Bit Axe |
| 44:22 | Investigar | Gold Mining |
| 44:48 | Construir | Farm |
| 45:06 | Investigar | Heavy Plow |
| 46:54 | Investigar | Iron Casting |
| 46:54 | Investigar | Bodkin Arrow |
| 47:25 | Construir | Mill |
| 48:09 | Crear | Villager (Male) ×5 |
| 48:16 | Construir | Farm |
| 48:17 | Construir | Farm |
| 48:19 | Construir | Farm |
| 48:20 | Construir | Farm |
| 48:22 | Construir | Farm |
| 48:24 | Construir | Farm |
| 48:25 | Construir | Farm |
| 48:26 | Construir | Farm |
| 49:00 | Construir | Farm |
| 49:01 | Construir | Farm |
| 49:03 | Construir | Farm |
| 49:04 | Construir | Farm |
| 49:04 | Construir | Farm |
| 49:05 | Construir | Farm |
| 49:06 | Construir | Farm |
| 49:07 | Construir | Farm |
| 49:57 | Construir | Archery Range |
| 50:04 | Investigar | Leather Archer Armor |
| 50:19 | Investigar | Wheelbarrow |
| 50:42 | Construir | Farm |
| 50:51 | Construir | Archery Range |
Build order — manhcuong060799
Primeras 150 de 252 acciones detectadas
| 0:02 | Crear | Villager (Male) |
| 0:02 | Crear | Villager (Male) |
| 0:02 | Crear | Villager (Male) |
| 0:02 | Crear | Villager (Male) |
| 0:03 | Construir | House |
| 0:06 | Construir | House |
| 1:31 | Crear | Villager (Male) |
| 1:31 | Crear | Villager (Male) |
| 1:48 | Construir | Lumber Camp |
| 2:05 | Crear | Villager (Male) |
| 2:30 | Crear | Villager (Male) |
| 2:51 | Crear | Villager (Male) |
| 2:51 | Crear | Villager (Male) |
| 2:51 | Crear | Villager (Male) |
| 3:29 | Construir | House |
| 3:35 | Crear | Villager (Male) |
| 3:35 | Crear | Villager (Male) |
| 3:38 | Crear | Villager (Male) |
| 3:38 | Crear | Villager (Male) |
| 4:15 | Crear | Villager (Male) |
| 4:15 | Crear | Villager (Male) |
| 4:15 | Crear | Villager (Male) |
| 4:35 | Crear | Villager (Male) |
| 4:36 | Crear | Villager (Male) |
| 4:36 | Crear | Villager (Male) |
| 5:21 | Construir | Mill |
| 5:26 | Crear | Villager (Male) |
| 5:26 | Crear | Villager (Male) |
| 5:27 | Crear | Villager (Male) |
| 6:04 | Crear | Villager (Male) |
| 6:04 | Crear | Villager (Male) |
| 6:04 | Crear | Villager (Male) |
| 6:48 | Construir | House |
| 7:59 | Crear | Villager (Male) |
| 7:59 | Crear | Villager (Male) |
| 7:59 | Crear | Villager (Male) |
| 7:59 | Crear | Villager (Male) |
| 7:59 | Crear | Villager (Male) |
| 8:00 | Crear | Villager (Male) |
| 8:21 | Construir | Mining Camp |
| 8:27 | Construir | House |
| 9:01 | Construir | Mining Camp |
| 10:18 | Construir | Mill |
| 10:23 | Investigar | Feudal Age |
| 10:28 | Crear | Villager (Male) |
| 10:28 | Investigar | Loom |
| 10:44 | Construir | Mill |
| 10:49 | Crear | Villager (Male) |
| 12:39 | Edad | Edad Feudal |
| 13:15 | Construir | Blacksmith |
| 13:37 | Crear | Villager (Male) |
| 14:09 | Construir | Market |
| 14:14 | Construir | Farm |
| 14:25 | Construir | Farm |
| 14:27 | Crear | Villager (Male) |
| 15:05 | Investigar | Castle Age |
| 15:09 | Construir | Farm |
| 15:22 | Construir | Barracks |
| 15:49 | Construir | House |
| 16:12 | Construir | Stable |
| 16:30 | Construir | House |
| 16:32 | Construir | House |
| 16:40 | Investigar | Double-Bit Axe |
| 17:05 | Construir | Archery Range |
| 17:11 | Crear | Villager (Male) |
| 17:45 | Edad | Edad de los Castillos |
| 17:51 | Construir | Farm |
| 17:54 | Construir | Farm |
| 18:02 | Crear | Knight |
| 18:02 | Crear | Knight |
| 18:04 | Crear | Knight |
| 18:29 | Investigar | Forging |
| 19:24 | Construir | Town Center |
| 20:05 | Crear | Villager (Male) |
| 20:06 | Crear | Villager (Male) |
| 20:11 | Crear | Knight |
| 20:11 | Crear | Knight |
| 20:48 | Construir | Stone Wall |
| 20:56 | Crear | Villager (Male) |
| 21:18 | Construir | Stone Wall |
| 21:24 | Construir | Gate |
| 22:09 | Investigar | Scale Barding Armor |
| 22:15 | Construir | Farm |
| 22:16 | Crear | Villager (Male) |
| 22:17 | Crear | Villager (Male) |
| 22:18 | Crear | Villager (Male) |
| 22:18 | Crear | Villager (Male) |
| 22:27 | Construir | Farm |
| 22:32 | Construir | Farm |
| 23:07 | Investigar | Elite Skirmisher (upgrade) |
| 23:07 | Investigar | Elite Skirmisher (upgrade) |
| 24:27 | Crear | Skirmisher |
| 24:28 | Crear | Skirmisher |
| 24:28 | Crear | Skirmisher |
| 24:34 | Construir | Farm |
| 24:36 | Construir | Farm |
| 24:37 | Crear | Villager (Male) |
| 24:37 | Crear | Villager (Male) |
| 24:45 | Construir | Farm |
| 24:49 | Construir | Farm |
| 25:09 | Construir | Archery Range |
| 25:13 | Construir | Stable |
| 25:33 | Crear | Skirmisher |
| 25:34 | Crear | Skirmisher |
| 25:43 | Investigar | Iron Casting |
| 26:01 | Crear | Skirmisher |
| 26:01 | Crear | Skirmisher |
| 26:37 | Construir | Farm |
| 26:39 | Construir | Farm |
| 27:27 | Crear | Knight |
| 27:27 | Crear | Knight |
| 27:27 | Crear | Knight |
| 27:27 | Crear | Knight |
| 27:28 | Crear | Knight |
| 27:28 | Crear | Knight |
| 27:28 | Crear | Knight |
| 27:28 | Crear | Knight |
| 27:29 | Crear | Knight |
| 27:29 | Crear | Knight |
| 27:29 | Crear | Knight |
| 27:31 | Construir | House |
| 28:33 | Crear | Skirmisher |
| 28:33 | Crear | Skirmisher |
| 28:33 | Crear | Skirmisher |
| 28:34 | Crear | Skirmisher |
| 28:34 | Crear | Skirmisher |
| 28:34 | Crear | Skirmisher |
| 28:34 | Crear | Skirmisher |
| 28:35 | Crear | Skirmisher |
| 28:37 | Construir | House |
| 29:12 | Crear | Knight |
| 29:12 | Crear | Knight |
| 29:13 | Crear | Knight |
| 29:13 | Crear | Knight |
| 29:13 | Crear | Knight |
| 29:40 | Construir | House |
| 29:57 | Crear | Villager (Male) |
| 29:57 | Crear | Villager (Male) |
| 29:59 | Crear | Villager (Male) |
| 29:59 | Crear | Villager (Male) |
| 30:05 | Construir | Farm |
| 30:08 | Construir | Farm |
| 31:10 | Construir | Farm |
| 31:14 | Construir | Farm |
| 31:15 | Crear | Villager (Male) |
| 31:18 | Construir | House |
| 31:19 | Construir | House |
| 31:25 | Crear | Knight |
| 31:25 | Crear | Knight |
| 31:25 | Crear | Knight |
Build order — 啥也不干
95 acciones detectadas en el replay
| 0:02 | Crear | Villager (Male) ×4 |
| 0:02 | Crear | Villager (Male) ×4 |
| 0:05 | Construir | House |
| 0:07 | Construir | House |
| 1:53 | Crear | Villager (Male) |
| 1:53 | Crear | Villager (Male) |
| 2:03 | Construir | Lumber Camp |
| 2:37 | Crear | Villager (Male) |
| 2:38 | Crear | Villager (Male) |
| 2:38 | Crear | Villager (Male) |
| 3:14 | Crear | Villager (Male) |
| 3:14 | Crear | Villager (Male) |
| 3:46 | Construir | House |
| 3:52 | Crear | Villager (Male) |
| 3:52 | Crear | Villager (Male) |
| 4:31 | Construir | Mill |
| 4:33 | Crear | Villager (Male) |
| 4:52 | Crear | Villager (Male) |
| 5:12 | Investigar | Loom |
| 5:42 | Crear | Villager (Male) |
| 5:42 | Crear | Villager (Male) |
| 6:21 | Construir | House |
| 7:24 | Crear | Villager (Male) ×5 |
| 8:00 | Crear | Villager (Male) ×3 |
| 9:33 | Construir | House |
| 9:39 | Investigar | Feudal Age |
| 10:05 | Construir | Mining Camp |
| 11:37 | Construir | Mill |
| 11:52 | Edad | Edad Feudal |
| 12:10 | Crear | Villager (Male) |
| 12:11 | Crear | Villager (Male) |
| 13:04 | Construir | Market |
| 13:18 | Construir | Blacksmith |
| 13:27 | Construir | House |
| 13:29 | Construir | House |
| 13:31 | Crear | Villager (Male) |
| 13:32 | Crear | Villager (Male) |
| 14:10 | Investigar | Castle Age |
| 14:32 | Construir | Mining Camp |
| 17:01 | Edad | Edad de los Castillos |
| 17:56 | Construir | Castle |
| 18:09 | Crear | Villager (Male) |
| 18:10 | Crear | Villager (Male) |
| 19:08 | Construir | House |
| 19:10 | Construir | House |
| 19:14 | Construir | House |
| 19:16 | Construir | House |
| 19:19 | Crear | Hussite Wagon ×3 |
| 19:38 | Crear | Hussite Wagon |
| 19:38 | Crear | Hussite Wagon |
| 20:30 | Construir | Mill |
| 20:57 | Crear | Hussite Wagon |
| 20:57 | Crear | Hussite Wagon |
| 21:31 | Crear | Hussite Wagon |
| 22:30 | Crear | Villager (Male) |
| 23:16 | Construir | Siege Workshop |
| 23:41 | Crear | Hussite Wagon ×3 |
| 24:57 | Crear | Battering Ram |
| 24:57 | Crear | Battering Ram |
| 25:13 | Construir | Lumber Camp |
| 27:49 | Crear | Battering Ram |
| 27:49 | Crear | Battering Ram |
| 27:52 | Crear | Hussite Wagon ×3 |
| 29:22 | Crear | Hussite Wagon ×4 |
| 30:32 | Investigar | Wagenburg Tactics |
| 31:00 | Construir | Castle |
| 31:55 | Investigar | Double-Bit Axe |
| 32:37 | Crear | Hussite Wagon ×5 |
| 32:37 | Crear | Hussite Wagon ×5 |
| 34:28 | Crear | Hussite Wagon ×5 |
| 34:52 | Construir | Lumber Camp |
| 35:17 | Crear | Hussite Wagon |
| 36:06 | Crear | Hussite Wagon ×2 |
| 37:44 | Crear | Hussite Wagon ×5 |
| 38:58 | Crear | Hussite Wagon ×5 |
| 39:58 | Crear | Battering Ram ×2 |
| 40:19 | Construir | Lumber Camp |
| 41:30 | Crear | Hussite Wagon ×5 |
| 42:39 | Crear | Hussite Wagon ×5 |
| 42:40 | Crear | Hussite Wagon |
| 43:13 | Crear | Hussite Wagon ×2 |
| 43:40 | Construir | Mining Camp |
| 44:02 | Construir | Castle |
| 44:39 | Crear | Battering Ram |
| 44:40 | Crear | Battering Ram |
| 44:53 | Crear | Battering Ram |
| 44:56 | Crear | Villager (Male) |
| 44:56 | Crear | Villager (Male) |
| 46:58 | Crear | Hussite Wagon ×5 |
| 46:58 | Crear | Hussite Wagon ×5 |
| 46:58 | Crear | Hussite Wagon ×4 |
| 48:56 | Crear | Battering Ram ×5 |
| 51:00 | Crear | Hussite Wagon ×5 |
| 51:02 | Crear | Hussite Wagon |
| 51:03 | Crear | Hussite Wagon |
Cronología de la partida
| 7:23 | Timbrhǫggvandi · first_building Barracks |
| 8:28 | Timbrhǫggvandi · age_up feudal |
| 8:30 | Timbrhǫggvandi · first_building Stable |
| 8:59 | Bahus · first_building Barracks |
| 9:47 | Kuribo · first_building Barracks |
| 10:31 | 张牧之 · first_building Barracks |
| 11:12 | Timbrhǫggvandi · wall_segment Palisade Wall x4 |
| 11:13 | 苹果核桃醋 · age_up feudal |
| 11:20 | 张牧之 · age_up feudal |
| 11:21 | Bahus · age_up feudal |
| 11:47 | 张牧之 · first_building Stable |
| 11:52 | 啥也不干 · age_up feudal |
| 12:02 | Matdevil01 · age_up feudal |
| 12:05 | Kuribo · age_up feudal |
| 12:29 | Bahus · wall_segment Stone Wall x5 |
| 12:39 | manhcuong060799 · age_up feudal |
| 13:58 | Bahus · wall_segment Stone Wall x6 |
| 14:29 | 苹果核桃醋 · age_up castle |
| 15:22 | manhcuong060799 · first_building Barracks |
| 15:23 | Bahus · wall_segment Stone Wall x4 |
| 16:12 | manhcuong060799 · first_building Stable |
| 17:01 | 啥也不干 · age_up castle |
| 17:05 | manhcuong060799 · first_building Archery Range |
| 17:26 | 啥也不干 · first_market_sell 100 wood |
| 17:35 | 啥也不干 · first_market_buy 100 stone |
| 17:43 | Bahus · wall_segment Stone Wall x7 |
| 17:45 | manhcuong060799 · age_up castle |
| 17:56 | 啥也不干 · first_building Castle |
| 17:57 | Bahus · wall_segment Stone Wall x9 |
| 18:32 | Matdevil01 · resign |
| 19:25 | Bahus · first_building Archery Range |
| 19:30 | Bahus · first_building Stable |
| 20:24 | Timbrhǫggvandi · wall_segment Palisade Wall x1 |
| 20:42 | Timbrhǫggvandi · wall_segment Palisade Wall x1 |
| 20:48 | manhcuong060799 · wall_segment Stone Wall x13 |
| 21:13 | Timbrhǫggvandi · age_up castle |
| 21:18 | manhcuong060799 · wall_segment Stone Wall x12 |
| 21:54 | 张牧之 · first_building Archery Range |
| 23:13 | Bahus · age_up castle |
| 23:16 | 啥也不干 · first_building Siege Workshop |
| 24:40 | 苹果核桃醋 · first_building Castle |
| 25:02 | Bahus · first_building Castle |
| 25:19 | 苹果核桃醋 · wall_segment Palisade Wall x1 |
| 26:32 | Bahus · first_building Siege Workshop |
| 29:00 | 苹果核桃醋 · first_building Barracks |
| 29:50 | 苹果核桃醋 · first_building Stable |
| 30:27 | 苹果核桃醋 · age_up imperial |
| 30:59 | Timbrhǫggvandi · first_building Castle |
| 31:54 | Timbrhǫggvandi · first_market_sell 100 wood |
| 32:18 | Kuribo · age_up castle |
| 34:11 | 张牧之 · age_up castle |
| 35:42 | Timbrhǫggvandi · age_up imperial |
| 36:56 | manhcuong060799 · first_building Monastery |
| 37:31 | Timbrhǫggvandi · first_market_buy 100 stone |
| 38:33 | manhcuong060799 · first_building Castle |
| 39:29 | manhcuong060799 · wall_segment Stone Wall x18 |
| 40:51 | manhcuong060799 · first_market_sell 100 food |
| 41:22 | manhcuong060799 · age_up imperial |
| 45:47 | Bahus · age_up imperial |
| 46:02 | 苹果核桃醋 · first_market_sell 100 wood |
| 47:29 | 苹果核桃醋 · wall_segment Stone Wall x1 |
| 49:17 | 苹果核桃醋 · tribute_sent a jugador 1 |
| 49:17 | 苹果核桃醋 · tribute_sent a jugador 2 |
| 49:17 | 苹果核桃醋 · tribute_sent a jugador 3 |
| 49:17 | 苹果核桃醋 · tribute_sent a jugador 5 |
| 49:17 | 苹果核桃醋 · tribute_sent a jugador 6 |
| 49:17 | 苹果核桃醋 · tribute_sent a jugador 7 |
| 49:17 | 苹果核桃醋 · tribute_sent a jugador 8 |
| 49:32 | 苹果核桃醋 · first_market_buy 100 stone |
[ ANÁLISIS IA · 1 CRÉDITO ]
¿Qué pasó realmente en esta partida?
Wolo.gg analiza cada decisión: build order, eco, micro, errores típicos por bracket. Análisis personalizado por WhatsApp o Discord en 30 segundos.
Guía civ
Persas
Guía mapa
Arabia
Perfil
苹果核桃醋